[Event "*** Titled Tuesday 3|2 Blitz"]
[Site "Chess.com"]
[Date "2015.11.03"]
[Round "3"]
[White "ilmago"]
[Black "DeviatkinAndrey"]
[Result "0-1"]
[WhiteElo "1908"]
[BlackElo "2497"]
[TimeControl "180+2"]
[EndTime "11:34:11 PST"]
[Termination "DeviatkinAndrey won by resignation"]

1. e4 c6 2. d4 d5 3. Nc3 dxe4 4. Nxe4 h6 5. f4 Bf5 6. Ng3 Bh7 7. Nf3 e6 8. Bd3 Bxd3 9. Qxd3 c5 10. Qb5+ Qd7 11.
Qc4 Qd5 12. Qa4+ Qc6 13. Qb3 Nd7 14. Be3 c4 15. d5 exd5 16. Qc3 Ngf6 17. O-O Bc5 18.
Rae1 O-O 19. Nd4 Qb6 20. a3 Rfe8 21. Bf2 Ng4 22. Ngf5 Nxf2 23. Rxe8+ Rxe8 24. Kxf2 Re4 25. Rd1 Qf6 26. g4 g6 27. Nxh6+ Kg7 28. Kg2 Bxd4 29.
g5 Qxf4 0-1

[Event "*** Titled Tuesday 3|2 Blitz"]
[Site "Chess.com"]
[Date "2015.11.03"]
[Round "3"]
[White "eltenedor"]
[Black "Nutflush"]
[Result "1-0"]
[WhiteElo "1952"]
[BlackElo "1904"]
[TimeControl "180+2"]
[EndTime "11:34:11 PST"]
[Termination "eltenedor won on time"]

1. c4 e5 2. g3 Nc6 3. Bg2 f5 4. Nc3 Nf6 5. d3 Bb4 6. Bd2 O-O 7. a3 Bxc3 8. Bxc3 d6 9. b4 Qe8 10. b5 Ne7 11. e3 f4 12. exf4 exf4 13. Ne2 Ng6 14.
O-O Nh5 15. Nd4 Ne5 16. Re1 Bg4 17. f3 Bd7 18. g4 Nf6 19. Nf5 Bxf5 20. d4 Bd7 21. dxe5 dxe5 22. Rxe5 Qf7 23. g5 Ne8 24. Re4 Nd6 25. Rd4 Rad8 26. Qb3 Be6 27. Bf1 1-0

[Event "*** Titled Tuesday 3|2 Blitz"]
[Site "Chess.com"]
[Date "2015.11.03"]
[Round "3"]
[White "darsen_sanzhaev"]
[Black "Fandorine"]
[Result "0-1"]
[WhiteElo "2245"]
[BlackElo "2512"]
[TimeControl "180+2"]
[EndTime "11:34:20 PST"]
[Termination "Fandorine won on time"]

1. d4 Nf6 2. c4 g6 3. Nc3 Bg7 4.
e4 O-O 5. f3 d6 6. Be3 b6 7.
Nge2 a6 8. Qd2 c5 9. d5 e6 10. a4 exd5 11. cxd5 Nbd7 12. Ng3 Rb8 13. Be2 Re8 14. O-O Qc7 15. b3 h5 16. Rab1 Ne5 17.
Rfc1 Qe7 18. h3 h4 19. Nh1 Nh5 20. f4 Nd7 21. Bxh5 gxh5 22. Nf2 b5 23. Rf1 bxa4 24.
bxa4 Rb4 25. Rxb4 cxb4 26. Ne2 Nf6 27. Qxb4 Nxe4 28. Re1 Ng3 29. Nxg3 hxg3 30. Nd3 Bf5 31. Nc1 Qe4 32. Qxd6 Bd4 0-1

[Event "*** Titled Tuesday 3|2 Blitz"]
[Site "Chess.com"]
[Date "2015.11.03"]
[Round "3"]
[White "GrigorGrigorov"]
[Black "FairChess_on_YouTube"]
[Result "1/2-1/2"]
[WhiteElo "2442"]
[BlackElo "2694"]
[TimeControl "180+2"]
[EndTime "11:34:44 PST"]
[Termination "Game drawn by agreement"]

1. d4 d5 2. Nf3 Nf6 3. c4 c6 4.
Nbd2 Bf5 5. Nh4 Be4 6. e3 e6 7. Be2 h6 8. Nxe4 Nxe4 9. Nf3 Bb4+ 10. Nd2 Qa5 11. a3 O-O 12. Rb1 Bxd2+ 13. Bxd2 Nxd2 14.
Qxd2 Qc7 15. O-O Nd7 16. b4 a6 17. Rfc1 Qd6 18. a4 Rfd8 19. cxd5 cxd5 20. a5 Rac8 21. g3 Nf6 22. Bd3 Ne4 23. Bxe4 dxe4 24. Qb2 b6 25. axb6 Qxb6 26. Rc5 Rb8 27. Qc2 Qb7 28. Rc7 Rbc8 29. Rxb7 Rxc2 30. Ra1 Rdc8 31. Rxa6 R2c7 32. Raa7 Rxb7 33. Rxb7 g5 34. b5 Rc1+ 35. Kg2 g4 36. h3 h5 37. hxg4 hxg4 38. Rd7 Rb1 39. d5 Rxb5 40. dxe6 fxe6 41. Rd4 Re5 42. Kf1 Kf7 43. Ke2 Kf6 44. Rd8 Ra5 45. Rf8+ Kg5 46. Rg8+ Kf5 47. Rf8+ 1/2-1/2

[Event "*** Titled Tuesday 3|2 Blitz"]
[Site "Chess.com"]
[Date "2015.11.03"]
[Round "3"]
[White "Zkid"]
[Black "GregShahade"]
[Result "1-0"]
[WhiteElo "2398"]
[BlackElo "2296"]
[TimeControl "180+2"]
[EndTime "11:34:46 PST"]
[Termination "Zkid won by checkmate"]

1. e4 c5 2. Nf3 g6 3. d4 cxd4 4. Nxd4 Nc6 5. Nxc6 bxc6 6. Qd4 Nf6 7. e5 Nd5 8. e6 f6 9. exd7+ Bxd7 10. Bc4 e5 11. Qh4 Bg7 12. O-O O-O 13. Rd1 Be6 14. Nc3 Rf7 15. Ne4 Qe7 16. a4 Rd8 17. b3 Nb4 18.
Ba3 Rxd1+ 19. Rxd1 Bxc4 20. bxc4 c5 21. c3 Na6 22. Qh3 f5 23. Nd6 Rf6 24. Qd3 Bf8 25. Nb5 Kg7 26. Bc1 Re6 27. Qd5 Qf7 28. h3 Nb8 29. Nxa7 Ra6 30. Qxe5+ Kg8 31. Qxb8 Qxa7 32. Qd8 Qe7 33. Bh6 Rxa4 34. Qc8 Ra2 35. Bxf8 Qe2 36. Bh6+ Kf7 37. Qf8+ Ke6 38. Rd6+ Ke5 39. Qe7# 1-0

[Event "*** Titled Tuesday 3|2 Blitz"]
[Site "Chess.com"]
[Date "2015.11.03"]
[Round "3"]
[White "AndroQueen"]
[Black "GMHess"]
[Result "1-0"]
[WhiteElo "2240"]
[BlackElo "2419"]
[TimeControl "180+2"]
[EndTime "11:35:05 PST"]
[Termination "AndroQueen won by resignation"]

1. d4 g6 2. e4 Bg7 3. Nc3 d6 4. f4 Nf6 5. Bd3 O-O 6. Nf3 Na6 7. O-O c5 8. d5 Nc7 9. a4 Bg4 10. h3 Bxf3 11. Qxf3 Nd7 12. Bc4 Na6 13. Qe2 Nb4 14.
Na2 Nb6 15. Bb3 Nxa2 16. Rxa2 Qc7 17. c3 c4 18. Bc2 Nd7 19. Be3 b6 20. Kh1 a6 21.
Ra3 Rfe8 22. Rd1 Rab8 23. Bd4 Bxd4 24. cxd4 b5 25. axb5 axb5 26. e5 Nb6 27. Be4 Ra8 28.
Rg3 dxe5 29. dxe5 Ra2 30. Qg4 Rxb2 31. e6 Qd6 32. f5 Rb3 33. exf7+ Kxf7 34. fxg6+ hxg6 35. Bxg6+ Kf8 36. Rf1+ Qf6 37. Rxf6+ exf6 38. Bxe8 Rxg3 39.
Qxg3 Kxe8 40. Qb8+ 1-0

[Event "*** Titled Tuesday 3|2 Blitz"]
[Site "Chess.com"]
[Date "2015.11.03"]
[Round "3"]
[White "AndrewMcStone"]
[Black "metalbattler"]
[Result "1-0"]
[WhiteElo "2001"]
[BlackElo "1911"]
[TimeControl "180+2"]
[EndTime "11:35:08 PST"]
[Termination "AndrewMcStone won by checkmate"]

1. d4 d5 2. c4 c6 3. Nc3 Nf6 4. e3 e6 5. Nf3 Nbd7 6. Qc2 Bd6 7. g4 Nxg4 8. Rg1 Nh6 9. Bd2 Nf5 10. e4 dxe4 11.
Nxe4 Be7 12. O-O-O Nf6 13. Bc3 Qc7 14. Ne5 Bd6 15.
Nxd6+ Qxd6 16. Bh3 O-O 17. Kb1 b5 18. c5 Qc7 19. Qc1 Nd5 20. Bxf5 exf5 21. Qg5 g6 22. Qh6 Be6 23. h4 f4 24. h5 Bf5+ 25. Ka1 Nxc3 26. bxc3 Qa5 27. Rc1 b4 28. hxg6 fxg6 29. Nxg6 b3 30.
Ne7+ Kf7 31. Qg7+ Ke6 32. Rge1+ Kd7 33. Nxf5+ Kc8 34. Nd6+ Kb8 35. Qb7# 1-0

[Event "*** Titled Tuesday 3|2 Blitz"]
[Site "Chess.com"]
[Date "2015.11.03"]
[Round "3"]
[White "gmjlh"]
[Black "VovAn1991"]
[Result "0-1"]
[WhiteElo "2632"]
[BlackElo "2484"]
[TimeControl "180+2"]
[EndTime "11:35:09 PST"]
[Termination "VovAn1991 won by resignation"]

1. e4 c5 2. Nf3 d6 3. Bb5+ Nd7 4. O-O a6 5. Bd3 b5 6. c4 b4 7. a3 Bb7 8. axb4 cxb4 9. Bc2 Ngf6 10. Re1 e5 11. d4 Be7 12. b3 O-O 13. Bb2 Qc7 14.
Nbd2 Rfe8 15. Nf1 Bf8 16. Ng3 g6 17.
h4 h5 18. d5 a5 19. Ng5 a4 20. bxa4 Nb6 21. Bb3 Nxc4 22. Qc2 Rec8 23. Rac1 Ba6 24.
Ba1 Qb6 25. Nf1 Ng4 26. Qa2 Na5 27. Nh3 Bh6 28. Rxc8+ Rxc8 29. Nh2 Nxb3 30. Qxb3 Qc5 31. Nxg4 hxg4 32. Ng5 Rc7 33. Bb2 Qc2 34. Qxc2 Rxc2 35. Rb1 Bd3 36. Rd1 Be2 37. Rb1 f6 38. Ne6 Bd3 39.
Rd1 Bxe4 40. Ba1 g3 41. a5 Rxf2 0-1

[Event "*** Titled Tuesday 3|2 Blitz"]
[Site "Chess.com"]
[Date "2015.11.03"]
[Round "3"]
[White "MITerryble"]
[Black "yurisolo"]
[Result "1-0"]
[WhiteElo "2591"]
[BlackElo "2482"]
[TimeControl "180+2"]
[EndTime "11:35:09 PST"]
[Termination "MITerryble won on time"]

1. d4 Nf6 2. Nf3 c5 3. d5 b5 4.
Bg5 Qb6 5. Bxf6 Qxf6 6. c3 d6 7. e4 a6 8. Nbd2 g5 9. a4 g4 10. Ng1 b4 11. Rc1 bxc3 12. bxc3 Nd7 13. a5 Bh6 14. Ne2 Ne5 15. Ng3 Bg5 16. Rb1 h5 17.
Qc2 h4 18. Nf5 h3 19. gxh3 gxh3 20. Nc4 Bxf5 21. exf5 Rh4 22. Nb6 Nf3+ 23. Kd1 Ra7 24. Be2 Ne5 25. Nc8 Ra8 26. Nb6 Ra7 27. Rg1 Kf8 28.
Nc8 Rc7 29. Rb8 Kg7 30. Nb6 c4 31. Qd2 Ng4 32. f4 Nf2+ 33. Ke1 Ne4 34. Qe3 Qxf5 35. fxg5 Rc5 36. Qd4+ f6 37. gxf6+ Kh7 38. Rg7+ Kh6 39. Rh8+ 1-0

[Event "*** Titled Tuesday 3|2 Blitz"]
[Site "Chess.com"]
[Date "2015.11.03"]
[Round "3"]
[White "oggy1984"]
[Black "AlexanderL"]
[Result "0-1"]
[WhiteElo "2271"]
[BlackElo "2549"]
[TimeControl "180+2"]
[EndTime "11:35:18 PST"]
[Termination "AlexanderL won on time"]

1. d4 e6 2. c4 Nf6 3. Nc3 Bb4 4. Qc2 d5 5. cxd5 exd5 6. Bg5 h6 7. Bxf6 Qxf6 8. e3 O-O 9. Bd3 c5 10. dxc5 d4 11. exd4 Qxd4 12. Ne2 Qxc5 13. a3 Bxc3+ 14. Qxc3 Qb6 15. O-O Nc6 16. Bc2 Re8 17. Qd3 g6 18. Nf4 Bf5 19. Qc3 Bxc2 20. Qxc2 Nd4 21. Qd3 Rad8 22.
Rfe1 Qxb2 23. Rxe8+ Rxe8 24. Rd1 Ne2+ 25. Nxe2 Qxe2 26.
Qxe2 Rxe2 27. g3 Rb2 28. Rd7 a5 29. a4 b6 30. Rb7 g5 31. h3 Kg7 32. Kg2 Rb3 33.
g4 Kf6 34. Kh2 Rb4 35. Kg2 Ke6 36. Kg3 f6 37. f3 Kd5 38. Rf7 Rf4 39. Rb7 Kc5 40. Rh7 Rxa4 41. Rxh6 Rd4 42. Rxf6 a4 43. Rf5+ Rd5 44. Rf8 a3 45. h4 gxh4+ 46. Kxh4 Kb4 47.
Ra8 Ra5 48. Rc8 a2 49. Rc1 a1=Q 50. Rxa1 Rxa1 51. g5 Rg1 52. f4 Kc5 53. f5 Kd6 54. f6 Ke6 55. Kh5 Kf7 0-1

[Event "*** Titled Tuesday 3|2 Blitz"]
[Site "Chess.com"]
[Date "2015.11.03"]
[Round "3"]
[White "LADIESGET2KNOWME"]
[Black "ChadaevNikolay"]
[Result "0-1"]
[WhiteElo "2238"]
[BlackElo "2566"]
[TimeControl "180+2"]
[EndTime "11:35:19 PST"]
[Termination "ChadaevNikolay won on time"]

1. d4 Nf6 2. Nc3 d5 3. Bg5 Nbd7 4. Nf3 c5 5. e3 e6 6. Bd3 Be7 7. O-O O-O 8. Re1 h6 9. Bh4 a6 10. Ne5 Nxe5 11. dxe5 Nd7 12. Bxe7 Qxe7 13. f4 b5 14. Qh5 Bb7 15. Rf1 b4 16. Na4 Rac8 17.
Rf3 d4 18. Rg3 Kh8 19. exd4 cxd4 20. b3 a5 21. Qg4 Rg8 22. Re1 Nc5 23. Nxc5 Rxc5 24.
f5 exf5 25. Qxf5 g6 26. Qf4 Kg7 27. h4 Re8 28. Qxd4 Rxe5 29. Rge3 f6 30. Rxe5 fxe5 31.
Qg4 e4 32. h5 Qg5 33. Qd7+ Re7 34. Qd4+ Qf6 35. Qd8 e3 36. Re2 gxh5 37. Qxa5 Qf4 38. Qxh5 Rf7 39. Qg6+ Kf8 40. Bc4 Rg7 41. Qb6 Re7 42.
Qg6 Qg5 0-1

[Event "*** Titled Tuesday 3|2 Blitz"]
[Site "Chess.com"]
[Date "2015.11.03"]
[Round "3"]
[White "GGuseinov"]
[Black "SerGo055"]
[Result "1-0"]
[WhiteElo "2542"]
[BlackElo "2376"]
[TimeControl "180+2"]
[EndTime "11:35:20 PST"]
[Termination "GGuseinov won by checkmate"]

1. e4 d5 2. exd5 Qxd5 3. Nc3 Qd8 4. d4 Nf6 5. Nf3 Bg4 6. Bc4 e6 7.
Be3 c6 8. h3 Bf5 9. Ne5 Nbd7 10. g4 Bg6 11. Nxg6 hxg6 12. a3 Nd5 13. Nxd5 cxd5 14. Bd3 Bd6 15. c4 dxc4 16. Bxc4 O-O 17. h4 Rc8 18. Bd3 e5 19. Kf1 exd4 20. Bxd4 Be5 21.
Be3 Nc5 22. Bxc5 Rxc5 23. Qf3 Bxb2 24. Rb1 Bf6 25. g5 Rc3 26. Rd1 Bd4 27. h5 Qxg5 28. hxg6 fxg6 29. Rh8+ Kxh8 30. Qxf8+ Kh7 31. Qf3 Qf6 32.
Qh1+ Kg8 33. Qd5+ Kh8 34. Qh1+ Kg8 35. Qg2 Rc5 36. Bxg6 Kf8 37. Qg3 Re5 38. Rxd4 Re1+ 39. Kxe1 Qxd4 40. Qb8+ Ke7 41. Qxb7+ Kf6 42. Qf7+ Kg5 43.
Qf5+ Kh4 44. Qh5# 1-0

[Event "*** Titled Tuesday 3|2 Blitz"]
[Site "Chess.com"]
[Date "2015.11.03"]
[Round "3"]
[White "Malev212"]
[Black "DrHolmes13"]
[Result "1-0"]
[WhiteElo "2183"]
[BlackElo "2299"]
[TimeControl "180+2"]
[EndTime "11:35:23 PST"]
[Termination "Malev212 won by resignation"]

1. e3 Nf6 2. Nf3 g6 3. d4 Bg7 4. c4 O-O 5. Nc3 b6 6. Bd3 Bb7 7. O-O d6 8. e4 Nbd7 9. Bg5 e6 10. h3 h6 11. Bh4 g5 12. Bg3 Nh5 13. Bh2 Nf4 14.
Bxf4 gxf4 15. Re1 e5 16. Bf1 Kh8 17. Qd2 Rg8 18. Rad1 Rc8 19. Kh1 Bf6 20. b4 Qe7 21. dxe5 Nxe5 22. Nd4 Rg6 23. Qxf4 Bg5 24. Qh2 Rcg8 25.
f4 Bh4 26. Nf5 Qf6 27. fxe5 dxe5 28. Nd5 Bxd5 29. cxd5 Bxe1 30. Rxe1 Rg5 31. Re2 Ra8 32. Rf2 a5 33. b5 a4 34. g4 a3 35. Qg3 Qd6 36.
h4 Rg6 37. g5 Rag8 38. Qh3 Qc5 39. Qf3 Qc1 40. Nxh6 Rf8 41. Nf5 Kg8 42. Ne7+ Kg7 43. Nxg6 Kxg6 44. h5+ Kg7 45. h6+ Kg8 46. Qf6 Qxf1+ 47.
Rxf1 1-0

[Event "*** Titled Tuesday 3|2 Blitz"]
[Site "Chess.com"]
[Date "2015.11.03"]
[Round "3"]
[White "Keranke"]
[Black "Boryboy"]
[Result "0-1"]
[WhiteElo "2564"]
[BlackElo "2464"]
[TimeControl "180+2"]
[EndTime "11:35:26 PST"]
[Termination "Boryboy won by resignation"]

1. d4 e6 2. c4 d5 3. Nc3 Nf6 4. Bf4 Nbd7 5. e3 a6 6. Nf3 dxc4 7.
Bxc4 Bd6 8. Ne5 O-O 9. Qf3 Qe7 10.
O-O c6 11. a3 Nd5 12. Bg3 Nxc3 13. bxc3 Nxe5 14. Bxe5 Bxe5 15. dxe5 Qc5 16. Qe4 Bd7 17. Rfd1 Rad8 18. Rd6 Bc8 19. Rad1 Rxd6 20. exd6 Rd8 21.
Qf4 Bd7 22. h4 Qxa3 23. h5 Qxc3 24. h6 Qf6 25. Qg4 Qxh6 26. Qd4 b5 27. Qb6 Qf6 28.
Be2 Ra8 29. Bf3 Qd8 30. Qc5 Rb8 31. Rd4 a5 32. Rg4 b4 33. Qe5 g6 34. Be4 b3 35.
Bb1 Rb5 36. Qc3 e5 37. Rc4 Rd5 38. Qxb3 Rxd6 39. Rc1 Be6 40. Qa4 Qb6 41. Be4 Qb4 42.
Qc2 a4 43. Bxc6 a3 44. Be4 Qb2 45. Qc7 Rd2 46. Rc6 Rd1+ 47. Kh2 Qxf2 0-1

[Event "*** Titled Tuesday 3|2 Blitz"]
[Site "Chess.com"]
[Date "2015.11.03"]
[Round "3"]
[White "jcibarra"]
[Black "igorkovalenko"]
[Result "1-0"]
[WhiteElo "2522"]
[BlackElo "2490"]
[TimeControl "180+2"]
[EndTime "11:35:28 PST"]
[Termination "jcibarra won by resignation"]

1. e4 e6 2. d4 d5 3. Nc3 Bb4 4. Ne2 dxe4 5. a3 Bxc3+ 6. Nxc3 Nc6 7. d5 exd5 8. Qxd5 Nge7 9. Qxd8+ Nxd8 10. Nxe4 Bf5 11.
Bd3 Ndc6 12. Bf4 O-O-O 13. O-O-O Bg6 14. Rhe1 Nd5 15. Bg3 Rhe8 16. Nd6+ cxd6 17. Rxe8 Rxe8 18. Bxg6 hxg6 19. Rxd5 Re1+ 20. Kd2 Rg1 21. Ke2 Ne7 22. Rxd6 Nf5 23. Rd1 Rxd1 24. Kxd1 Kd7 25. Kd2 Kc6 26. f3 Kd5 27. Kd3 b5 28. b3 a6 29. Bf2 Nd6 30. Bg3 Nb7 31. c4+ Kc6 32. b4 Nd8 33.
Bf2 Ne6 34. Be3 f5 35. f4 Kd6 36. g3 Kc6 37. Kc3 Kd6 38. Kb3 Kc6 39. a4 Nc7 40. Bd4 Ne6 41. Be5 Kb6 42. cxb5 axb5 43. a5+ Kc6 44.
Kc3 Kb7 45. Bd4 Ka6 46. Kd3 Kb7 47. Be3 Ka6 48. Bd2 Kb7 49. Bc3 Kc6 50. Ke3 Kd5 51. a6 Kc6 52. Bd4 Nc7 53. a7 Nd5+ 54. Kf3 Kb7 55. Bc5 Nc7 56. h3 Ne6 57. Be3 Ka8 58. g4 Kb7 59. h4 Ka8 60. gxf5 gxf5 61. h5 Kb7 62. Kg3 Ka8 63. Kh4 Kb7 64. Kg3 Ka8 65.
Bd2 Nd4 66. Kf2 Ne6 67. Ke3 Nf8 68. Kd4 Kxa7 69. Ke5 Kb6 70. Kxf5 Kc6 71. Bc3 1-0

[Event "*** Titled Tuesday 3|2 Blitz"]
[Site "Chess.com"]
[Date "2015.11.03"]
[Round "3"]
[White "vovkcoach"]
[Black "Krutoy123"]
[Result "0-1"]
[WhiteElo "2486"]
[BlackElo "2294"]
[TimeControl "180+2"]
[EndTime "11:35:28 PST"]
[Termination "Krutoy123 won by resignation"]

1. e4 c5 2. Nf3 e6 3. d4 cxd4 4. Nxd4 a6 5. Nc3 b5 6. Bd3 Bb7 7. O-O Qc7 8. Re1 Bd6 9. Nf3 Be7 10.
e5 Nc6 11. Bf4 Nh6 12. Qd2 O-O-O 13. a4 b4 14. Ne4 Nf5 15. c3 Kb8 16. Rec1 h6 17.
cxb4 Bxb4 18. Rxc6 Bxd2 19. Rxc7 Bxf4 20. Rxb7+ Kxb7 21. g4 d5 22. Nc5+ Kb6 23. Nxa6 Ne7 24. b4 Nc6 25. a5+ Ka7 26. b5 Nxe5 27. b6+ Kb7 28. Nxe5 Bxe5 29. Rc1 Bd6 30. Nc7 Bb4 31. Ba6+ Kb8 32.
Ra1 Rd6 33. Bd3 Bxa5 34. Rxa5 Kb7 35. Na6 Rxb6 36. Nc5+ Kc6 37. Na4 Rb4 38. Ra6+ Kc7 39. h3 Rhb8 40. Nc5 R8b6 41. Ra7+ Kd6 42. Na4 Rc6 43. Kg2 Rc1 44. Ra6+ Ke5 45. Be2 Kd4 46. Rb6 Rxa4 0-1

[Event "*** Titled Tuesday 3|2 Blitz"]
[Site "Chess.com"]
[Date "2015.11.03"]
[Round "3"]
[White "Rating-Schmating"]
[Black "AnastasiaProtopopova"]
[Result "1-0"]
[WhiteElo "1948"]
[BlackElo "1762"]
[TimeControl "180+2"]
[EndTime "11:35:31 PST"]
[Termination "Rating-Schmating won by resignation"]

1. e4 e5 2. Nf3 Nc6 3. d4 exd4 4. Nxd4 Bc5 5. Nxc6 Qf6 6. Qf3 bxc6 7. Nc3 d6 8. Bc4 Qxf3 9. gxf3 Ne7 10. Be3 Bb6 11.
O-O-O Be6 12. Bb3 Kd7 13. Ne2 Bxb3 14. axb3 a5 15. c3 a4 16. bxa4 Rxa4 17. Kc2 Rha8 18.
Rhg1 g6 19. h4 h5 20. Bxb6 cxb6 21. Nd4 d5 22. exd5 Nxd5 23. Rge1 Kc7 24. Re4 Kb7 25.
Nb5 Rxe4 26. fxe4 Nf6 27. Nd6+ Kc7 28. e5 Ng4 29. Nxf7 Re8 30. Re1 Nxf2 31. Ng5 Ng4 32. e6 Kd6 33. Rd1+ Ke5 34. Rd7 Ne3+ 35. Kb3 Nd5 36. Rg7 Kf6 37. Rf7+ Ke5 38. c4 Ne3 39. Rg7 Kf6 40. Rf7+ Ke5 41. e7 Nf5 42. Kb4 Rxe7 43. Rf8 Nxh4 44. Rg8 Kf6 45. Nh3 Re3 46.
Nf4 Kf5 47. Rf8+ Kg5 48. b3 Nf5 49. Ng2 Rg3 50. Ne1 h4 51. Rh8 h3 52. Nc2 Rg2 53.
Ne1 Re2 54. Nf3+ Kg4 55. Ng1 h2 56. Nxe2 Ng3 57. Rxh2 Nxe2 58. Rxe2 Kf3 59. Re6 g5 60. Rxc6 g4 61. Rxb6 g3 62. Rg6 g2 63. Rxg2 1-0

[Event "*** Titled Tuesday 3|2 Blitz"]
[Site "Chess.com"]
[Date "2015.11.03"]
[Round "3"]
[White "amaidel"]
[Black "Oligan22"]
[Result "1-0"]
[WhiteElo "2337"]
[BlackElo "2158"]
[TimeControl "180+2"]
[EndTime "11:35:42 PST"]
[Termination "amaidel won by resignation"]

1. Nf3 Nf6 2. g3 b6 3. Bg2 Bb7 4. O-O e6 5. c4 c5 6. Nc3 Be7 7. Re1 Ne4 8. Nxe4 Bxe4 9. d3 Bb7 10. e4 d6 11. Bd2 a6 12. Qc2 Nc6 13. a3 Bf6 14. Rab1 O-O 15. b4 Qd7 16. Bc3 Nd4 17. Bxd4 cxd4 18. e5 dxe5 19. Nxe5 Bxe5 20. Bxb7 Qxb7 21.
Rxe5 Qd7 22. f4 Rfe8 23. Rbe1 Rac8 24. Qf2 Red8 25. f5 exf5 26. Qxf5 Qxf5 27. Rxf5 f6 28. Kf2 Kf7 29. Rf4 g6 30. Ree4 g5 31. Rf5 Rd6 32. g4 Re8 33. Rxe8 Kxe8 34. a4 Ke7 35. a5 Ke6 36. Kf3 bxa5 37. bxa5 h5 38.
h3 hxg4+ 39. hxg4 Rd8 40. Ke4 Rh8 41. Rf1 Rh4 42. Rg1 f5+ 43. Kxd4 fxg4 44. Ke4 g3+ 45. Kf3 Rd4 46. Rd1 Kf5 47. Kxg3 Rg4+ 48. Kf3 Rh4 49.
Kg3 Rg4+ 50. Kf3 Rf4+ 51. Ke2 g4 52. Rf1 Rxf1 53. Kxf1 Kf4 54. d4 1-0

[Event "*** Titled Tuesday 3|2 Blitz"]
[Site "Chess.com"]
[Date "2015.11.03"]
[Round "3"]
[White "wanyaland"]
[Black "jup1978"]
[Result "0-1"]
[WhiteElo "2234"]
[BlackElo "2206"]
[TimeControl "180+2"]
[EndTime "11:35:51 PST"]
[Termination "jup1978 won on time"]

1. d4 d5 2. c4 c6 3. Nc3 Nf6 4. Nf3 a6 5. e3 Bf5 6. Be2 e6 7. Ne5 h6 8. Qb3 Ra7 9. g4 Bh7 10. h4 Nbd7 11. f4 Nxe5 12. dxe5 Ne4 13. cxd5 exd5 14. Bd2 Nxd2 15. Kxd2 Qa5 16. f5 h5 17. Raf1 hxg4 18. Bxg4 Bb4 19. Kc1 Bxc3 20. Qxc3 Qxc3+ 21. bxc3 b6 22. h5 Re7 23. e6 fxe6 24. fxe6 Be4 25.
Rh4 Rf8 26. Rf4 Rf6 27. Rxf6 gxf6 28. h6 Kf8 29. Kd2 Kg8 30. Bh3 f5 31. Rh5 Rxe6 32.
Bxf5 Bxf5 33. Rxf5 Rxh6 34. a4 Kg7 35. Kd3 Rh4 36. a5 bxa5 37. Re5 Kf7 38. Rf5+ Ke7 39. Rg5 a4 40. Rg7+ Kd6 41. Ra7 Kc5 42. Rxa6 Kb5 43. Ra8 Rh7 44. Rb8+ Ka6 45. Kd4 Rb7 46. Ra8+ Ra7 47.
Rb8 a3 48. Rb1 a2 49. Ra1 Kb5 0-1

[Event "*** Titled Tuesday 3|2 Blitz"]
[Site "Chess.com"]
[Date "2015.11.03"]
[Round "3"]
[White "1random"]
[Black "saraswathii"]
[Result "1-0"]
[WhiteElo "1919"]
[BlackElo "1899"]
[TimeControl "180+2"]
[EndTime "11:35:52 PST"]
[Termination "1random won by resignation"]

1. c4 Nc6 2. Nc3 Nf6 3. Nf3 g6 4. g3 Bg7 5. Bg2 d6 6. O-O O-O 7.
d3 e5 8. Rb1 a5 9. a3 Be6 10. b4 axb4 11. axb4 h6 12. b5 Ne7 13. Nd2 c6 14. Qb3 d5 15. Ba3 Re8 16. Ra1 Nf5 17.
Bc5 b6 18. Rxa8 Qxa8 19. Bxb6 Rb8 20. bxc6 Nd4 21. Qb2 Qxc6 22. c5 Nd7 23. e3 Nxb6 24. exd4 exd4 25. Nxd5 Qxc5 26. Ne4 Nxd5 27. Qxb8+ Qf8 28.
Qxf8+ Kxf8 29. Ra1 Nc3 30. Nc5 Bf5 31. h3 h5 32. Kh2 Be5 33. f4 Bd6 34. Ne4 Bb4 35.
Ra7 Nxe4 36. Bxe4 Bxe4 37. dxe4 d3 38. Rd7 d2 39. Rd4 Ke7 40. Kg2 Ke6 41. Kf3 f5 42. e5 g5 43. Ke2 Bc3 44. Rd6+ Ke7 45. Rxd2 Bxd2 46. Kxd2 h4 47. fxg5 hxg3 48. Ke3 f4+ 49.
Kf3 Ke6 50. g6 Ke7 51. h4 Kf8 52. h5 Kg7 53. e6 Kf6 54. h6 Kxg6 55. e7 Kf7 56. h7 1-0

[Event "*** Titled Tuesday 3|2 Blitz"]
[Site "Chess.com"]
[Date "2015.11.03"]
[Round "3"]
[White "Er_is_geen_hoop_meer"]
[Black "Frolyanov_D"]
[Result "0-1"]
[WhiteElo "2402"]
[BlackElo "2406"]
[TimeControl "180+2"]
[EndTime "11:35:54 PST"]
[Termination "Frolyanov_D won by checkmate"]

1. d4 Nf6 2. c4 g6 3. g3 Bg7 4. Bg2 O-O 5. Nf3 d5 6. cxd5 Nxd5 7. O-O Nb6 8. Nc3 Nc6 9. Bf4 Nxd4 10. Nxd4 Bxd4 11.
Nb5 e5 12. Bh6 Re8 13. e3 a6 14. exd4 axb5 15. dxe5 Qxd1 16. Rfxd1 c6 17. f4 Be6 18. b3 Bd5 19. Bg5 Bxg2 20. Kxg2 Nd5 21. Kf3 Kg7 22. a4 bxa4 23. Rxa4 Rxa4 24. bxa4 h6 25. Bh4 Ra8 26. Rd4 Ra5 27. g4 Rc5 28. f5 Rc3+ 29. Ke2 Re3+ 30. Kd2 Rxe5 31. Bg3 Re8 32. Rd3 Re4 33. Rb3 Rxa4 34.
Rxb7 gxf5 35. gxf5 Kf6 36. Bf2 h5 37. Bc5 Rc4 38. Bf8 Kxf5 39. Rxf7+ Kg4 40. Bd6 Re4 41.
Rg7+ Kf3 42. Rg5 Rd4+ 43. Kc1 Ne3 44. Bg3 h4 45. Bc7 Rg4 46. Rh5 Kg2 47. Kd2 Nf1+ 48. Ke1 Nxh2 49. Rc5 Nf3+ 50. Ke2 Re4+ 51. Kd3 Re7 52.
Rc2+ Kf1 53. Rc1+ Ne1+ 54. Kd2 Rd7+ 55. Ke3 Rxc7 56. Rc4 Re7+ 57. Kf4 h3 58. Kg3 Rh7 59. Kh2 Nf3+ 60. Kh1 Rg7 61. Rc1+ Ke2 62. Rc2+ Ke3 63.
Rc3+ Ke4 64. Rc4+ Nd4 65. Kh2 Kd5 66. Rc1 c5 67. Kxh3 c4 68. Ra1 c3 69. Ra5+ Kc4 70. Ra8 Kd3 71. Rc8 c2 72. Kh4 Kd2 73. Rd8 c1=Q 74. Rxd4+ Ke3 75. Rd8 Qh1# 0-1

[Event "*** Titled Tuesday 3|2 Blitz"]
[Site "Chess.com"]
[Date "2015.11.03"]
[Round "3"]
[White "WanderingPuppet"]
[Black "AleksandrNevski"]
[Result "0-1"]
[WhiteElo "2217"]
[BlackElo "2321"]
[TimeControl "180+2"]
[EndTime "11:35:59 PST"]
[Termination "AleksandrNevski won on time"]

1. e4 e5 2. Nf3 Nc6 3. Bb5 Nf6 4. O-O Nxe4 5. Qe2 Nd6 6. Bxc6 dxc6 7. Qxe5+ Qe7 8.
Qa5 Qd8 9. Qe5+ Qe7 10. Qa5 Qd8 11. d3 Be7 12. Bg5 f6 13. Bf4 O-O 14. Re1 Rf7 15. Nc3 Bf8 16. Nd4 Re7 17. h3 Bd7 18. Rxe7 Bxe7 19. Re1 Bf8 20. Ne6 Bxe6 21. Rxe6 Qd7 22.
Re1 a6 23. a3 b6 24. Qa4 Nf5 25. Re4 b5 26. Qb3+ Kh8 27. Qe6 Qxe6 28. Rxe6 Nd4 29. Re4 Nxc2 30. Bxc7 Rc8 31. Bf4 Kg8 32. g4 Kf7 33. Kg2 Rd8 34. Re2 Nd4 35. Rd2 Nb3 36. Rd1 a5 37. Be3 a4 38. d4 Na5 39. d5 cxd5 40. Nxb5 Nc4 41. Nc7 Nxb2 42. Rxd5 Rxd5 43. Nxd5 Bxa3 44. Nb6 Bb4 45. Bd4 a3 46. Nd5 Bd6 47. Ne3 Ke6 48. Nc2 Nc4 49. Bc3 Kd5 50. Kf3 Be5 51. Bxe5 Kxe5 52. Ke2 a2 53. Kd3 Nd6 0-1

[Event "*** Titled Tuesday 3|2 Blitz"]
[Site "Chess.com"]
[Date "2015.11.03"]
[Round "3"]
[White "ZEN-22"]
[Black "BIG_Pirate"]
[Result "0-1"]
[WhiteElo "2168"]
[BlackElo "2265"]
[TimeControl "180+2"]
[EndTime "11:36:12 PST"]
[Termination "BIG_Pirate won by checkmate"]

1. d3 d5 2. g3 Nf6 3. Bg2 c6 4. Nf3 Bf5 5. O-O e6 6. Nc3 h6 7. h3 Be7 8. Qe1 O-O 9. e4 Bh7 10. Qe2 a5 11. a3 a4 12. Re1 dxe4 13. Nxe4 Nxe4 14. dxe4 Nd7 15. e5 Nc5 16. Be3 Qb6 17.
Nd4 Qxb2 18. h4 Rfd8 19. Red1 Qc3 20. Ra2 Rd7 21. Nf3 Rxd1+ 22. Qxd1 Rd8 23. Qe2 Ne4 24. Bf1 Qa5 25. Nd4 Nc3 26. Qe1 Qd5 27. Rb2 Nb5 28.
Nxb5 cxb5 29. Rxb5 Qc6 30. Rb6 Qxc2 31. Rxb7 Bxa3 32. Qa5 Rc8 33. Ra7 Bc1 34. Bb6 a3 35. Bc7 Be4 36. Bg2 Qd1+ 37. Kh2 Bxg2 38. Kxg2 Bb2 39.
Bd6 Rc2 40. Ra8+ Kh7 41. Qb5 Rc1 42. Kh3 h5 43. Qb7 Qg4+ 44. Kg2 Qd1 45. Kh3 Qg4+ 46. Kh2 Rc2 47. Qg2 Qd4 48. Kg1 Rc1+ 49. Kh2 Rc2 50. Kg1 Bc1 51. Qf3 Qg4 52. Qxg4 hxg4 53. Bxa3 Ra2 54.
Ra7 Rxa3 55. Rxf7 Kg6 56. Rf8 Ra6 57. Kg2 Bb2 58. Rf3 gxf3+ 59. Kxf3 Bxe5 60. Kg4 Bf6 61. f4 Kf7 62. h5 Ra4 63. Kf3 Ra3+ 64. Kg4 Bb2 65. Kg5 Rxg3+ 66. Kh4 Rg1 67. Kh3 Bc1 68. Kh2 Rg4 69. f5 exf5 70. Kh3 Bg5 71. Kh2 Ke6 72. Kh3 Ke5 73. Kh2 f4 74. h6 gxh6 75. Kh3 Kf5 76. Kh2 f3 77. Kh1 f2 78. Kh2 h5 79.
Kh3 f1=Q+ 80. Kh2 Qg2# 0-1